General information
- name: BNet
- type: Ladder team game (AT/RT)
- host: Battle.net
- saver: Sh[o]gun
map: Cherryville
- players: 8
- length: 53:44
- speed: Fast
- version: 1.26 W3XP
- replay type: Public
» download(357 KB)
Players
team 1 (loser)
Bonzoh (
green | 39 APM | 2116 actions | 53:42)
9 Priestess of the Moon
3 Searing Arrows
3 Trueshot Aura
1 Starfall
2 Scout
» actions
| Assign group hotkey | 13 | |
| Basic commands | 137 | |
| Build / train | 108 | |
| Enter build submenu | 43 | |
| Enter hero's abilities submenu | 9 | |
| Remove unit from queue | 2 | |
| Right click | 1015 | |
| Select / deselect | 604 | |
| Select group hotkey | 106 | |
| Use ability | 79 | |
2116 total
» units
| Wisp | 35 | |
| Archer | 7 | |
| Huntress | 5 | |
| Dryad | 26 | |
| Kobold | 1 | |
74 total
» upgrades
| Ultravision | 1 | |
| Reinforced Hides | 3 | |
| Strength of the Wild | 3 | |
| Abolish Magic | 1 | |
8 total
» buildings
| Altar of Elders | 1 | |
| Ancient of War | 1 | |
| Moon Well | 7 | |
| Hunter's Hall | 1 | |
| Tree of Ages | 6 | |
| Ancient Protector | 13 | |
| Tree of Life | 3 | |
| Ancient of Lore | 6 | |
| Tree of Eternity | 1 | |
| Ancient of Wonders | 1 | |
40 total
» build order
00:08 Altar of Elders
00:27 Ancient of War
00:39 Moon Well
01:43 Moon Well
02:40 Moon Well
03:03 Hunter's Hall
03:35 Moon Well
04:16 Tree of Ages
04:16 Tree of Ages
04:17 Tree of Ages
05:22 Ancient Protector
06:21 Tree of Life
06:51 Ancient Protector
07:31 Ancient of Lore
09:29 Ancient of Lore
09:56 Moon Well
10:53 Moon Well
12:42 Moon Well
14:17 Tree of Life
14:55 Ancient Protector
14:59 Ancient Protector
15:03 Ancient Protector
15:07 Ancient Protector
15:18 Tree of Eternity
16:06 Ancient of Wonders
18:03 Ancient Protector
18:54 Ancient Protector
18:57 Ancient Protector
18:59 Ancient Protector
19:02 Ancient Protector
19:51 Ancient Protector
20:05 Ancient Protector
22:00 Tree of Life
28:18 Ancient of Lore
28:29 Ancient of Lore
39:20 Ancient of Lore
39:24 Ancient of Lore
» items
| Scroll of Town Portal | 2 | |
| Orb of Venom | 1 | |
| Boots of Speed | 1 | |
4 total
Becca (
orange | 27 APM | 1427 actions | 52:18)
8 Warden
3 Fan of Knives
3 Shadow Strike
1 Blink
1 Spirit of Vengeance
7 Keeper of the Grove
3 Thorns Aura
2 Force of Nature
1 Tranquility
1 Entangling Roots
» actions
| Assign group hotkey | 40 | |
| Basic commands | 169 | |
| Build / train | 117 | |
| Enter build submenu | 35 | |
| Enter hero's abilities submenu | 15 | |
| Give item / drop item | 4 | |
| Right click | 385 | |
| Select / deselect | 454 | |
| Select group hotkey | 70 | |
| Use ability | 138 | |
1427 total
» units
| Wisp | 31 | |
| Archer | 1 | |
| Huntress | 6 | |
| Goblin Shredder | 1 | |
| Druid of the Talon | 1 | |
| Hippogryph | 18 | |
| Chimaera | 14 | |
| Faerie Dragon | 12 | |
84 total
» upgrades
| Druid of the Claw Training | 1 | |
| Corrosive Breath | 1 | |
| Strength of the Moon | 1 | |
| Strength of the Wild | 1 | |
| Ultravision | 1 | |
| Well Spring | 1 | |
| Moon Armor | 1 | |
| Reinforced Hides | 1 | |
8 total
» buildings
| Moon Well | 7 | |
| Altar of Elders | 1 | |
| Ancient of War | 1 | |
| Hunter's Hall | 1 | |
| Tree of Ages | 1 | |
| Ancient of Wonders | 1 | |
| Ancient of Wind | 2 | |
| Ancient of Lore | 1 | |
| Tree of Life | 3 | |
| Ancient Protector | 13 | |
| Tree of Eternity | 1 | |
| Chimaera Roost | 2 | |
34 total
» build order
00:21 Moon Well
00:36 Altar of Elders
00:48 Ancient of War
01:41 Hunter's Hall
02:12 Moon Well
03:01 Tree of Ages
03:48 Moon Well
04:30 Ancient of Wonders
05:53 Ancient of Wind
06:01 Ancient of Lore
06:42 Moon Well
07:54 Tree of Life
08:02 Ancient Protector
08:19 Ancient Protector
08:23 Tree of Eternity
09:21 Ancient Protector
11:04 Chimaera Roost
11:20 Moon Well
12:24 Moon Well
12:36 Ancient Protector
13:22 Moon Well
14:44 Ancient Protector
15:11 Ancient Protector
15:21 Ancient of Wind
15:39 Chimaera Roost
15:47 Ancient Protector
17:23 Ancient Protector
19:10 Ancient Protector
19:30 Ancient Protector
19:46 Ancient Protector
28:43 Tree of Life
29:26 Ancient Protector
33:18 Ancient Protector
37:02 Tree of Life
» items

»
BlackMystery (
blue | 246 APM | 12913 actions | 52:29)
9 Death Knight
3 Death Coil
3 Unholy Aura
1 Animate Dead
2 Death Pact
7 Crypt Lord
3 Impale
3 Carrion Beetles
1 Locust Swarm
» actions
| Assign group hotkey | 85 | |
| Basic commands | 510 | |
| Build / train | 172 | |
| ESC pressed | 16 | |
| Enter build submenu | 49 | |
| Enter hero's abilities submenu | 16 | |
| Give item / drop item | 9 | |
| Remove unit from queue | 2 | |
| Right click | 4188 | |
| Select / deselect | 825 | |
| Select group hotkey | 6756 | |
| Use ability | 285 | |
12913 total
» units
| Acolyte | 18 | |
| Ghoul | 8 | |
| Crypt Fiend | 27 | |
| Frost Wyrm | 17 | |
| Abomination | 4 | |
| Obsidian Statue | 1 | |
75 total
» upgrades
| Creature Attack | 3 | |
| Creature Carapace | 3 | |
| Web | 1 | |
| Burrow | 1 | |
| Ghoul Frenzy | 1 | |
| Freezing Breath | 1 | |
| Unholy Strength | 2 | |
| Unholy Armor | 2 | |
| Destroyer Form | 1 | |
| Disease Cloud | 1 | |
16 total
» buildings
| Ziggurat | 14 | |
| Altar of Darkness | 2 | |
| Crypt | 1 | |
| Graveyard | 1 | |
| Halls of the Dead | 2 | |
| Tomb of Relics | 4 | |
| Spirit Tower | 10 | |
| Black Citadel | 2 | |
| Sacrificial Pit | 1 | |
| Nerubian Tower | 1 | |
| Boneyard | 3 | |
| Slaughterhouse | 3 | |
| Necropolis | 1 | |
45 total
» build order
00:11 Ziggurat
00:14 Altar of Darkness
00:19 Altar of Darkness
00:39 Crypt
01:39 Ziggurat
01:40 Graveyard
02:51 Halls of the Dead
02:52 Halls of the Dead
04:14 Ziggurat
04:31 Tomb of Relics
04:41 Tomb of Relics
04:42 Tomb of Relics
05:17 Spirit Tower
07:40 Ziggurat
07:55 Ziggurat
08:00 Ziggurat
08:33 Ziggurat
09:13 Black Citadel
09:13 Black Citadel
09:17 Sacrificial Pit
09:41 Ziggurat
10:23 Spirit Tower
10:25 Nerubian Tower
10:29 Ziggurat
10:34 Ziggurat
12:04 Boneyard
12:08 Boneyard
14:38 Tomb of Relics
19:43 Boneyard
22:41 Spirit Tower
22:42 Ziggurat
23:26 Spirit Tower
23:27 Spirit Tower
23:27 Spirit Tower
24:26 Spirit Tower
33:19 Slaughterhouse
33:21 Slaughterhouse
33:54 Slaughterhouse
41:44 Necropolis
47:45 Ziggurat
47:48 Ziggurat
49:07 Ziggurat
» items
| Rod of Necromancy | 4 | |
| Periapt of Vitality | 1 | |
| Potion of Healing | 8 | |
| Potion of Mana | 5 | |
| Scroll of Healing | 1 | |
| Orb of Corruption | 5 | |
| Scroll of Town Portal | 3 | |
27 total
LoNe(x)Hans (
purple | 14 APM | 747 actions | 52:33)
7 Blood Mage
3 Flame Strike
2 Banish
1 Siphon Mana
1 Summon Phoenix
» actions
| Basic commands | 64 | |
| Build / train | 63 | |
| Enter build submenu | 25 | |
| Enter hero's abilities submenu | 7 | |
| Remove unit from queue | 7 | |
| Right click | 308 | |
| Select / deselect | 234 | |
| Use ability | 39 | |
747 total
» units
| Peasant | 11 | |
| Footman | 14 | |
| Rifleman | 12 | |
37 total
» upgrades
| Defend | 1 | |
| Storm Hammers | 1 | |
| Gunpowder | 3 | |
| Armor | 2 | |
7 total
» buildings
| Altar of Kings | 1 | |
| Farm | 13 | |
| Lumber Mill | 1 | |
| Barracks | 2 | |
| Blacksmith | 2 | |
| Arcane Vault | 1 | |
| Keep | 1 | |
| Gryphon Aviary | 2 | |
| Castle | 1 | |
24 total
» build order
00:30 Altar of Kings
00:37 Farm
00:42 Farm
00:56 Lumber Mill
01:27 Barracks
02:19 Farm
02:23 Farm
02:48 Farm
03:15 Blacksmith
03:48 Farm
04:00 Arcane Vault
06:28 Farm
06:42 Farm
06:43 Farm
09:22 Keep
09:59 Barracks
10:59 Farm
11:01 Farm
13:03 Gryphon Aviary
13:44 Gryphon Aviary
14:35 Castle
15:48 Farm
16:25 Farm
20:31 Blacksmith
» items
team 2 (winner)
Sh[o]gun (
red | 106 APM | 5683 actions | 53:44)
10 Archmage
3 Summon Water Elemental
3 Brilliance Aura
1 Mass Teleport
3 Blizzard
10 Mountain King
3 Storm Bolt
3 Bash
1 Avatar
3 Thunder Clap
» actions
| Assign group hotkey | 426 | |
| Basic commands | 81 | |
| Build / train | 154 | |
| Enter build submenu | 50 | |
| Enter hero's abilities submenu | 22 | |
| Give item / drop item | 5 | |
| Remove unit from queue | 1 | |
| Right click | 2076 | |
| Select / deselect | 855 | |
| Select group hotkey | 1707 | |
| Use ability | 306 | |
5683 total
» units
| Peasant | 19 | |
| Footman | 5 | |
| Goblin Shredder | 4 | |
| Gryphon Rider | 20 | |
| Dragonhawk Rider | 17 | |
65 total
» upgrades
| Masonry | 3 | |
| Swords | 3 | |
| Armor | 3 | |
| Animal War Training | 1 | |
| Storm Hammers | 1 | |
| Cloud | 1 | |
12 total
» buildings
| Altar of Kings | 1 | |
| Barracks | 1 | |
| Farm | 13 | |
| Arcane Vault | 2 | |
| Keep | 3 | |
| Town Hall | 4 | |
| Lumber Mill | 1 | |
| Scout Tower | 32 | |
| Castle | 1 | |
| Guard Tower | 11 | |
| Blacksmith | 1 | |
| Gryphon Aviary | 3 | |
| Arcane Tower | 1 | |
74 total
» build order
00:42 Altar of Kings
00:43 Barracks
00:54 Farm
01:04 Farm
01:05 Farm
01:38 Farm
01:39 Farm
02:05 Arcane Vault
03:20 Keep
03:20 Keep
03:20 Keep
04:01 Town Hall
04:50 Lumber Mill
04:58 Farm
05:33 Scout Tower
05:35 Scout Tower
06:05 Castle
06:14 Guard Tower
06:31 Blacksmith
06:51 Gryphon Aviary
06:53 Gryphon Aviary
07:39 Gryphon Aviary
07:44 Scout Tower
07:45 Scout Tower
07:46 Scout Tower
07:48 Scout Tower
07:48 Scout Tower
07:51 Scout Tower
09:37 Farm
09:38 Farm
09:42 Farm
09:43 Farm
09:45 Farm
10:16 Arcane Tower
13:58 Scout Tower
13:59 Scout Tower
13:59 Scout Tower
14:50 Guard Tower
14:52 Scout Tower
14:53 Scout Tower
14:54 Scout Tower
15:32 Guard Tower
15:34 Town Hall
15:37 Scout Tower
15:37 Scout Tower
15:37 Scout Tower
15:38 Scout Tower
15:39 Scout Tower
15:40 Scout Tower
16:34 Arcane Vault
17:45 Guard Tower
18:04 Guard Tower
18:04 Guard Tower
19:57 Guard Tower
21:52 Farm
21:53 Farm
22:57 Scout Tower
22:57 Scout Tower
22:58 Scout Tower
22:59 Scout Tower
22:59 Scout Tower
23:00 Scout Tower
23:27 Guard Tower
23:28 Guard Tower
23:59 Guard Tower
24:06 Guard Tower
30:17 Town Hall
38:00 Scout Tower
38:00 Scout Tower
38:01 Scout Tower
38:01 Scout Tower
38:01 Scout Tower
51:18 Town Hall
» items
| Scroll of Regeneration | 11 | |
| Periapt of Vitality | 2 | |
| Boots of Speed | 1 | |
| Dust of Appearance | 1 | |
| Scroll of Town Portal | 8 | |
| Potion of Healing | 9 | |
| Potion of Lesser Invulnerability | 2 | |
| Mechanical Critter | 3 | |
37 total

»
PlayLegitOrGTFO (
pink | 30 APM | 1620 actions | 53:43)
10 Archmage
3 Summon Water Elemental
3 Brilliance Aura
1 Mass Teleport
3 Blizzard
» actions
| Basic commands | 12 | |
| Build / train | 123 | |
| Enter build submenu | 60 | |
| Enter hero's abilities submenu | 10 | |
| Give item / drop item | 6 | |
| Remove unit from queue | 5 | |
| Right click | 608 | |
| Select / deselect | 653 | |
| Use ability | 143 | |
1620 total
» units
| Peasant | 21 | |
| Rifleman | 9 | |
| Mortar Team | 7 | |
| Knight | 11 | |
| Siege Engine | 5 | |
53 total
» upgrades
| Gunpowder | 3 | |
| Armor | 1 | |
| Masonry | 3 | |
| Barrage | 1 | |
| Animal War Training | 1 | |
| Swords | 3 | |
| Plating | 3 | |
15 total
» buildings
| Altar of Kings | 3 | |
| Farm | 18 | |
| Blacksmith | 3 | |
| Lumber Mill | 2 | |
| Barracks | 6 | |
| Arcane Vault | 1 | |
| Keep | 2 | |
| Workshop | 3 | |
| Town Hall | 5 | |
| Scout Tower | 17 | |
| Arcane Tower | 4 | |
| Guard Tower | 7 | |
| Castle | 2 | |
73 total
» build order
00:24 Altar of Kings
00:39 Farm
00:52 Blacksmith
01:20 Farm
01:27 Lumber Mill
02:32 Barracks
02:35 Barracks
02:39 Barracks
02:48 Farm
03:02 Arcane Vault
03:29 Farm
04:41 Farm
05:25 Farm
05:49 Keep
06:08 Farm
06:51 Farm
07:35 Farm
08:19 Workshop
11:10 Town Hall
11:13 Scout Tower
11:16 Scout Tower
11:19 Town Hall
11:21 Scout Tower
11:23 Scout Tower
12:01 Arcane Tower
12:02 Guard Tower
12:29 Farm
14:45 Castle
14:56 Scout Tower
15:00 Scout Tower
15:15 Guard Tower
15:19 Scout Tower
15:29 Scout Tower
16:39 Scout Tower
16:41 Scout Tower
18:38 Guard Tower
19:11 Workshop
19:32 Workshop
20:14 Blacksmith
21:23 Farm
21:28 Arcane Tower
21:30 Arcane Tower
21:33 Guard Tower
23:29 Town Hall
23:41 Scout Tower
24:02 Scout Tower
24:10 Guard Tower
24:12 Scout Tower
24:14 Scout Tower
24:16 Scout Tower
24:18 Guard Tower
24:21 Scout Tower
24:26 Scout Tower
24:51 Guard Tower
25:40 Arcane Tower
34:16 Town Hall
45:00 Keep
45:06 Altar of Kings
45:08 Barracks
45:10 Barracks
45:13 Barracks
46:11 Blacksmith
46:19 Lumber Mill
47:32 Altar of Kings
48:02 Castle
48:08 Farm
48:10 Farm
48:13 Farm
48:16 Farm
49:02 Farm
49:05 Farm
49:37 Farm
52:44 Town Hall
» items
| Scroll of Town Portal | 4 | |
| Scroll of Regeneration | 3 | |
| Ivory Tower | 10 | |
| Potion of Healing | 1 | |
| Potion of Mana | 2 | |
| Potion of Lesser Invulnerability | 2 | |
| Scroll of Protection | 3 | |
25 total

»
mangopride (
teal | 25 APM | 686 actions | 27:43)
4 Archmage
2 Summon Water Elemental
2 Brilliance Aura
» actions
| Assign group hotkey | 2 | |
| Build / train | 68 | |
| Enter build submenu | 30 | |
| Enter hero's abilities submenu | 5 | |
| Give item / drop item | 1 | |
| Remove unit from queue | 1 | |
| Right click | 152 | |
| Select / deselect | 360 | |
| Use ability | 67 | |
686 total
» units
| Peasant | 11 | |
| Footman | 6 | |
| Gryphon Rider | 6 | |
| Knight | 3 | |
| Goblin Shredder | 1 | |
| Priest | 4 | |
| Dragonhawk Rider | 1 | |
| Hippogryph | 2 | |
| Dryad | 1 | |
35 total
» upgrades
| Lumber Harvesting | 1 | |
| Swords | 2 | |
| Animal War Training | 1 | |
| Storm Hammers | 1 | |
| Armor | 2 | |
| Priest Training | 2 | |
9 total
» buildings
| Altar of Kings | 1 | |
| Farm | 8 | |
| Barracks | 1 | |
| Scout Tower | 10 | |
| Lumber Mill | 1 | |
| Arcane Tower | 1 | |
| Arcane Vault | 1 | |
| Keep | 1 | |
| Guard Tower | 8 | |
| Blacksmith | 1 | |
| Castle | 1 | |
| Town Hall | 2 | |
| Gryphon Aviary | 2 | |
| Arcane Sanctum | 1 | |
39 total
» build order
00:26 Altar of Kings
00:40 Farm
00:56 Barracks
01:14 Scout Tower
01:31 Lumber Mill
02:13 Arcane Tower
02:21 Farm
03:06 Farm
03:22 Arcane Vault
03:55 Scout Tower
04:11 Keep
04:29 Guard Tower
04:39 Blacksmith
04:57 Scout Tower
05:29 Guard Tower
05:32 Scout Tower
05:58 Farm
06:38 Guard Tower
06:44 Farm
06:56 Castle
07:17 Town Hall
07:30 Gryphon Aviary
08:59 Gryphon Aviary
10:05 Farm
10:51 Farm
11:36 Arcane Sanctum
13:04 Farm
14:28 Town Hall
16:03 Scout Tower
17:08 Guard Tower
17:12 Scout Tower
17:46 Guard Tower
17:52 Scout Tower
19:14 Guard Tower
19:21 Scout Tower
19:56 Guard Tower
20:01 Scout Tower
21:45 Scout Tower
21:47 Guard Tower
» items
| Scroll of Regeneration | 3 | |
| Lesser Clarity Potion | 1 | |
| Orb of Fire | 1 | |
| Scroll of Town Portal | 2 | |
7 total
enchantedrose (
yellow | 19 APM | 427 actions | 22:53)
4 Naga Sea Witch
2 Forked Lightning
2 Frost Arrows
» actions
| Build / train | 75 | |
| Enter build submenu | 17 | |
| Enter hero's abilities submenu | 4 | |
| Right click | 64 | |
| Select / deselect | 233 | |
| Use ability | 34 | |
427 total
» units
| Wisp | 19 | |
| Archer | 11 | |
| Dryad | 18 | |
| Hippogryph | 7 | |
55 total
» upgrades
| Strength of the Moon | 1 | |
| Moon Armor | 1 | |
| Strength of the Wild | 3 | |
| Reinforced Hides | 3 | |
| Improved Bows | 1 | |
| Abolish Magic | 1 | |
| Nature's Blessing | 1 | |
11 total
» buildings
| Altar of Elders | 1 | |
| Moon Well | 6 | |
| Ancient of War | 2 | |
| Hunter's Hall | 1 | |
| Tree of Ages | 1 | |
| Ancient Protector | 2 | |
| Ancient of Lore | 2 | |
| Ancient of Wind | 1 | |
| Tree of Eternity | 1 | |
| Ancient of Wonders | 1 | |
18 total
» build order
00:41 Altar of Elders
00:53 Moon Well
01:08 Moon Well
02:07 Ancient of War
02:51 Moon Well
03:01 Ancient of War
04:01 Hunter's Hall
04:43 Tree of Ages
06:03 Moon Well
07:12 Ancient Protector
07:29 Ancient Protector
08:40 Ancient of Lore
08:47 Ancient of Lore
09:26 Ancient of Wind
09:32 Moon Well
15:08 Tree of Eternity
20:02 Ancient of Wonders
21:34 Moon Well
» items
| Scroll of Town Portal | 1 | |
| Orb of Venom | 1 | |
2 total
Chat log
(00:12 / Allies) PlayLegitOrGTFO: Am rifles
(00:13 / Allies) PlayLegitOrGTFO: i SAW.
(00:14 / Allies) Sh[o]gun: get his attention
(00:33 / Allies) enchantedrose: AA here
(00:41 / Allies) PlayLegitOrGTFO: K
(01:00 / All) Sh[o]gun: ASL everyone
(01:25 / All) Sh[o]gun: what is everyone wearing tonight
(01:32 / All) PlayLegitOrGTFO: Nothing....
(01:58 / All) Sh[o]gun: what kind of savage are you
(02:12 / All) PlayLegitOrGTFO: Im just always horny, you never know, gotta be ready.
(02:55 / Allies) Sh[o]gun: gold wood
(03:01 / Allies) Sh[o]gun: c'mon sons contribute to the war effort
(03:10 / Allies) PlayLegitOrGTFO: hey its low down here too :/
(04:43 / Allies) mangopride: units for everyone else?
(04:47 / Allies) PlayLegitOrGTFO: rifle mort
(05:07 / Allies) mangopride: k guess I'll get air
(10:27 / Allies) mangopride: wood please
(10:31 / Allies) PlayLegitOrGTFO: 1 sec
(10:51 / Allies) PlayLegitOrGTFO: who?
(10:55 / Allies) mangopride: wood please
(11:08 / Allies) mangopride: thanks
(11:10 / Allies) PlayLegitOrGTFO: np
(11:54 / Allies) PlayLegitOrGTFO: gotta tower expos bro
(11:55 / All) Sh[o]gun: nice mh green
(12:40 / All) Sh[o]gun: yeah no way you could have known
(12:43 / Allies) mangopride: let's meet to attack?
(12:47 / Allies) PlayLegitOrGTFO: k
(13:21 / Allies) PlayLegitOrGTFO: tp
(14:12 / Allies) PlayLegitOrGTFO: da fuck
(14:13 / Allies) PlayLegitOrGTFO: help
(14:24 / Allies) PlayLegitOrGTFO: good
(14:49 / Allies) mangopride: yellow...you might want to change your layout
(14:53 / Allies) PlayLegitOrGTFO: yea
(14:55 / Allies) mangopride: so that when you tp, you can get out.
(15:11 / Allies) mangopride: wood please
(15:27 / Allies) mangopride: thanks
(16:03 / Allies) PlayLegitOrGTFO: counter/?
(16:17 / Allies) mangopride: wait.
(16:21 / Allies) mangopride: researching inner fire now
(16:28 / Allies) PlayLegitOrGTFO: well lets get epxos
(16:29 / Allies) PlayLegitOrGTFO: for now
(16:49 / Allies) enchantedrose: lets go
(17:53 / Allies) PlayLegitOrGTFO: aa
(18:21 / Allies) Sh[o]gun: oitu
(18:22 / Allies) PlayLegitOrGTFO: b
(18:35 / Allies) Sh[o]gun: green is mhing
(18:54 / Allies) PlayLegitOrGTFO: red i need a lot of wood please
(19:08 / Allies) PlayLegitOrGTFO: more plz
(19:23 / Allies) PlayLegitOrGTFO: its for a good cause tanks
(19:40 / Allies) mangopride: I think we need melee for those dryads
(19:47 / Allies) PlayLegitOrGTFO: ill get knights too then
(20:19 / Allies) mangopride: meet
(20:21 / Allies) mangopride: and hit?
(20:24 / Allies) Sh[o]gun: hit and run
(20:28 / Allies) Sh[o]gun: get a tp and hit mid right expansion
(20:49 / Allies) PlayLegitOrGTFO: more wood im fast building srry
(21:00 / Allies) PlayLegitOrGTFO: thnx
(21:20 / Allies) Sh[o]gun: out
(21:50 / Allies) PlayLegitOrGTFO: coming
(22:26 / Allies) PlayLegitOrGTFO: lol
(22:49 / Allies) Sh[o]gun: more tanks
(22:55 / Allies) PlayLegitOrGTFO: yes sir
(23:32 / Allies) Sh[o]gun: defend my base when they hit
(23:51 / Allies) PlayLegitOrGTFO: hero in 20 seconds
(24:36 / Allies) PlayLegitOrGTFO: got the hero
(25:14 / Allies) PlayLegitOrGTFO: ill tp if u come
(25:24 / Allies) mangopride: don't bother with yellow
(25:27 / Allies) PlayLegitOrGTFO: k
(25:35 / Allies) PlayLegitOrGTFO: go attck somewhere il tele
(26:23 / Allies) Sh[o]gun: we'll ahve to make a last stand at my base or your base
(27:09 / Allies) PlayLegitOrGTFO: nice
(27:42 / Allies) Sh[o]gun: out
(27:47 / Allies) Sh[o]gun: ut
(30:51 / Allies) PlayLegitOrGTFO: ill get mybase
(32:44 / Allies) Sh[o]gun: I'm out
(33:02 / Allies) Sh[o]gun: did your hero die?
(33:04 / Allies) PlayLegitOrGTFO: fuck i was close to them
(33:06 / Allies) PlayLegitOrGTFO: wtf
(33:07 / Allies) PlayLegitOrGTFO: no
(33:13 / Allies) Sh[o]gun: don't ever lose it
(34:35 / All) Sh[o]gun: sorry bout yo luck bitch
(35:08 / Allies) PlayLegitOrGTFO: lol more lum
(36:01 / Allies) Sh[o]gun: ouit
(36:31 / Allies) Sh[o]gun: would be nice if we had moonwells
(36:35 / Allies) PlayLegitOrGTFO: yea
(36:42 / Allies) PlayLegitOrGTFO: 100 gold?
(37:46 / Allies) PlayLegitOrGTFO: should iget more knights/ they would be fully teched
(38:17 / Allies) Sh[o]gun: sit back and wait for now
(38:27 / Allies) Sh[o]gun: don';t lose any units
(38:40 / Allies) Sh[o]gun: unfortunately cahn't sneak another expo since he's mhing
(40:36 / Allies) Sh[o]gun: be sure to try to dfend my base
(40:41 / Allies) PlayLegitOrGTFO: k
(41:53 / Allies) PlayLegitOrGTFO: here they come woot
(41:57 / Allies) PlayLegitOrGTFO: nvm
(42:11 / Allies) Sh[o]gun: out
(42:38 / Allies) PlayLegitOrGTFO: max out ur food, only u can really
(44:07 / Allies) PlayLegitOrGTFO: defend?
(44:09 / Allies) Sh[o]gun: yeah
(44:15 / Allies) PlayLegitOrGTFO: k
(44:24 / Allies) Sh[o]gun: fuck
(46:26 / Allies) Sh[o]gun: my frog near by
(46:27 / Allies) Sh[o]gun: hit and run
(46:32 / Allies) PlayLegitOrGTFO: k
(46:57 / Allies) Sh[o]gun: we have tpo defend
(46:59 / Allies) PlayLegitOrGTFO: go?
(47:04 / Allies) PlayLegitOrGTFO: k
(47:30 / Allies) Sh[o]gun: b
(47:35 / Allies) Sh[o]gun: invul
(47:37 / Allies) PlayLegitOrGTFO: fuck
(47:44 / Allies) PlayLegitOrGTFO: one second you look..
(47:59 / Allies) Sh[o]gun: make farms
(50:30 / Allies) Sh[o]gun: you should have revived hero
(50:36 / Allies) Sh[o]gun: at tavern
(50:46 / Allies) PlayLegitOrGTFO: would have been too low health didnt need tanks
(51:12 / Allies) Sh[o]gun: scout expos
(51:58 / Allies) Sh[o]gun: go
(52:32 / Allies) Sh[o]gun: fucking epic game
(52:34 / Allies) Sh[o]gun: I let them get too strong
(52:38 / Allies) Sh[o]gun: since I was gonna TK
(52:44 / Allies) Sh[o]gun: but I wanted no one to win
(52:48 / Allies) Sh[o]gun: You are my comrade tho
(52:49 / Allies) PlayLegitOrGTFO: lol?
(52:55 / Allies) PlayLegitOrGTFO: bro i love u
(52:56 / Allies) Sh[o]gun: we've been to war together
(53:01 / Allies) PlayLegitOrGTFO: best game since ever
(53:03 / Allies) Sh[o]gun: Love you too man
(53:11 / Allies) Sh[o]gun: Thought it was over when you lost your am tho
(53:18 / All) PlayLegitOrGTFO: green is was a fantastic game
(53:24 / Allies) Sh[o]gun: he mh I think
(53:26 / Allies) PlayLegitOrGTFO: yeah that was careless i was trying tobuild